Wolfpack vs Admirals

Created - December 12, 2024 at 19:17

Goals
1 2 3 T
Wolfpack 1 0 2 3
Admirals 1 2 2 5
Shots
1 2 3 T
Wolfpack 13 3 18 34
Admirals 14 17 12 43

1st period

1. Wolfpack , Dryden Hunt 4 (Nolan Patrick 11, Sebastian Collberg 8) at 14:49
2. Admirals , Hunter Shinkaruk 13 (Mark McNeill 11) at 18:31

Penalties :
Tobias Bjornfot (Mil) for Interference (Minor) at 4:26

2nd period

3. Admirals , Riley Barber 8 (Tobias Bjornfot 4) at 2:32
4. Admirals , Drew O'Connor 2 (Carl Dahlstrom 8, Riley Barber 9) at 16:30

Penalties :
Dryden Hunt (Har) for Holding (Minor) at 0:22, Mikhail Vorobyev (Har) for Roughing (Minor) at 5:34, Nolan Patrick (Har) for Tripping (Minor) at 14:03, Dryden Hunt (Har) for Boarding (Minor) at 17:39

3rd period

5. Wolfpack , Colton White 1 (Yegor Korshkov 11, Alex Barre-Boulet 13) at 0:49
6. Wolfpack , Sebastian Collberg 11 (Nolan Patrick 12, Derrick Pouliot 19) at 9:12
7. Admirals , Hunter Shinkaruk 14 (Josh Norris 15) at 18:35 (PP)
8. Admirals , Lucas Wallmark 6 (Anton Gustafsson 12, Ian Mitchell 10) at 19:12

Penalties :
Dryden Hunt (Har) for Roughing (Minor) at 3:54, Alexander Volkov (Har) for Delaying the game (Minor) at 18:33

Goalie Stats

Charlie Lindgren (Har), 38 saves from 43 shots - (0.884), L, 7-6-0, 60:00 minutes
Felix Sanstrom (Mil), 31 saves from 34 shots - (0.912), W, 8-4-2, 60:00 minutes

Players Stats for Wolfpack

Player Name              G  A  P  +/- PIM S  H  SB GA TA FO     MP     PP MP  PK MP  
------------------------------------------------------------------------------------
Alex Barre-Boulet        0  1  1  -1  0   2  3  0  1  0  4/7    14:19   0:40   0:34 
Alexander Barabanov      0  0  0  -1  0   5  0  0  2  1  2/2    19:32   0:48   5:39 
Alexander Volkov         0  0  0   0  2   1  0  0  0  0  0/0    11:16   0:20   0:00 
Andrei Altybarmakyan     0  0  0   0  0   0  0  0  0  0  0/0     7:33   0:00   0:00 
Cale Fleury              0  0  0  -1  0   1  1  0  0  0  0/0    10:57   0:00   0:00 
Colton White             1  0  1   1  0   5  0  2  2  2  0/0    29:54   1:14   5:57 
Derrick Pouliot          0  1  1   1  0   0  4  3  0  2  0/0    29:54   1:14   5:57 
Dryden Hunt              1  0  1   0  6   3  0  0  1  0  0/3    19:27   0:59   2:02 
Jakub Lauko              0  0  0  -1  0   1  0  0  1  0  0/0     7:55   0:00   0:11 
Joshua Jacobs            0  0  0  -1  0   1  0  0  0  2  0/0    10:57   0:00   0:00 
K'Andre Miller           0  0  0  -1  0   0  1  0  0  2  0/0    19:09   0:45   4:00 
Mikhail Vorobyev         0  0  0   0  2   2  2  1  0  0  4/8    14:16   0:20   2:45 
Nolan Patrick            0  2  2   1  2   2  2  1  0  0  16/42  22:08   0:59   4:57 
Owen Tippet              0  0  0  -1  0   4  4  0  0  0  0/1    13:35   0:40   0:00 
Ryan Culkin              0  0  0  -1  0   3  0  2  0  1  0/0    19:09   0:45   4:00 
Sebastian Collberg       1  1  2   1  0   4  1  2  1  0  1/1    17:02   0:59   0:00 
Shane Pinto              0  0  0  -1  0   0  2  1  0  0  1/3     8:51   0:00   1:07 
Yegor Korshkov           0  1  1   0  0   0  0  0  1  1  0/0    14:03   0:12   2:39 

Players Stats for Admirals

Player Name              G  A  P  +/- PIM S  H  SB GA TA FO     MP     PP MP  PK MP  
------------------------------------------------------------------------------------
Anton Gustafsson         0  1  1   1  0   3  1  0  0  0  5/10   18:17   4:40   0:39 
Carl Dahlstrom           0  1  1   3  0   3  0  1  1  0  0/0    11:03   0:00   0:59 
Christian Djoos          0  0  0   0  0   0  0  0  0  0  0/0     5:26   0:00   0:59 
Drew O'Connor            1  0  1   1  0   2  0  0  0  0  0/0     7:24   0:00   0:00 
Gerald Mayhew            0  0  0  -1  0   4  0  0  1  0  0/0    11:43   0:04   0:00 
Henry Thrun              0  0  0   0  0   0  0  0  0  0  0/0     4:27   0:00   0:00 
Hunter Shinkaruk         2  0  2   0  0   8  2  0  0  1  3/5    21:35   5:13   0:19 
Ian Mitchell             0  1  1  -1  0   1  0  2  0  2  0/0    26:09   6:10   0:41 
Josh Norris              0  1  1   0  0   1  4  0  0  0  21/32  21:16   5:13   0:00 
Josh Wesley              0  0  0   3  0   0  0  0  0  1  0/0    10:28   0:00   0:19 
Kasper Bjorkqvist        0  0  0   0  0   1  1  1  2  0  0/1    17:16   4:40   0:00 
Lucas Wallmark           1  0  1   0  0   5  1  0  1  1  5/11   12:50   0:00   0:54 
Mark McNeill             0  1  1   1  0   3  3  0  4  0  1/2    22:34   5:13   1:01 
Milos Kelemen            0  0  0   0  0   1  0  0  0  1  1/2    17:16   4:40   0:00 
Nolan Vesey              0  0  0  -1  0   4  4  0  0  1  1/1    12:09   0:04   0:26 
Reilly Walsh             0  0  0  -1  0   0  1  2  1  1  0/0    26:33   6:10   1:00 
Riley Barber             1  1  2   1  0   2  1  1  0  0  0/0     8:12   0:04   0:39 
Ruslan Iskhakov          0  0  0   1  0   1  0  0  0  0  2/3     7:24   0:00   0:00 
Sean Durzi               0  0  0  -1  0   2  1  0  1  1  0/0    17:57   3:47   0:00 
Tobias Bjornfot          0  1  1  -1  2   2  1  0  0  0  0/0    18:01   3:47   0:00 

3 Stars

1 - Hunter Shinkaruk (Mil)
2 - Riley Barber (Mil)
3 - Sebastian Collberg (Har)

Power Play

Wolfpack - 0 on 1 Attempt(s) - 0.00%
Admirals - 1 on 6 Attempt(s) - 16.67%

Penalty Kill

Wolfpack - 5 on 6 Attempt(s) - 83.33% - Score 0 goal in Penalty Kill
Admirals - 1 on 1 Attempt(s) - 100.00% - Score 0 goal in Penalty Kill

Team Stat

Wolfpack - Hits : 20 - Faceoff Wins : 28 - Blocked Shots : 12 - Penalty Minutes : 12
Admirals - Hits : 20 - Faceoff Wins : 39 - Blocked Shots : 7 - Penalty Minutes : 2

Official

Referees : Michael Markovic and Dan Kelly
Linesman : Kory Nagy and Mark Shewchyk

Game Notes

No Game Note

Finance

Level 1 -- Attendance: 1721 (86.05%) -- Ticket Income $120,470
Level 2 -- Attendance: 920 (92.00%) -- Ticket Income $36,800
Total Attendance: 2641 (88.03%)
Total Ticket Income: $157,270
Other Income: $7,864
Total Income: $165,134

Wolfpack

5 vs 5 Forward 
   Center                   Left Wing                Right Wing               Time % Phy DF OF 
 1 Nolan Patrick            Dryden Hunt              Sebastian Collberg       40     1   2  2  
 2 Alex Barre-Boulet        Alexander Barabanov      Owen Tippet              30     1   2  2  
 3 Mikhail Vorobyev         Yegor Korshkov           Alexander Volkov         20     1   2  2  
 4 Shane Pinto              Jakub Lauko              Andrei Altybarmakyan     10     1   2  2  

5 vs 5 Defense 
   Defense                  Defense                                           Time % Phy DF OF 
 1 Derrick Pouliot          Colton White                                      40     1   2  2  
 2 Ryan Culkin              K'Andre Miller                                    30     1   2  2  
 3 Cale Fleury              Joshua Jacobs                                     20     1   2  2  
 4 Derrick Pouliot          Colton White                                      10     1   2  2  

PowerPlay Forward 
   Center                   Left Wing                Right Wing               Time % Phy DF OF 
 1 Nolan Patrick            Dryden Hunt              Sebastian Collberg       60     1   2  2  
 2 Alex Barre-Boulet        Alexander Barabanov      Owen Tippet              40     1   2  2  

PowerPlay Defense
   Defense                  Defense                                           Time % Phy DF OF 
 1 Derrick Pouliot          Colton White                                      60     1   2  2  
 2 Ryan Culkin              K'Andre Miller                                    40     1   2  2  

Penalty Kill 4 Players Forward 
   Center                   Wing                     Time % Phy DF OF 
 1 Nolan Patrick            Dryden Hunt              60     1   2  2  
 2 Alex Barre-Boulet        Alexander Barabanov      40     1   2  2  

Penalty Kill 4 Players Defense
   Defense                  Defense                  Time % Phy DF OF 
 1 Derrick Pouliot          Colton White             60     1   2  2  
 2 Ryan Culkin              K'Andre Miller           40     1   2  2  

Penalty Kill - 3 Players Forward 
   Forward                                           Time % Phy DF OF 
 1 Nolan Patrick                                     60     1   2  2  
 2 Alex Barre-Boulet                                 40     1   2  2  

Penalty Kill - 3 Players Defense
   Defense                  Defense                  Time % Phy DF OF 
 1 Derrick Pouliot          Colton White             60     1   2  2  
 2 Ryan Culkin              K'Andre Miller           40     1   2  2  

4 vs 4 Forward 
   Center                   Wing                     Time % Phy DF OF 
 1 Nolan Patrick            Dryden Hunt              60     1   2  2  
 2 Alex Barre-Boulet        Alexander Barabanov      40     1   2  2  

4 vs 4 Defense
   Defense                  Defense                  Time % Phy DF OF 
 1 Derrick Pouliot          Colton White             60     1   2  2  
 2 Ryan Culkin              K'Andre Miller           40     1   2  2  

Last Minutes Offensive
   Center                   Left Wing                Right Wing               Defense                  Defense                  
   Nolan Patrick            Dryden Hunt              Sebastian Collberg       Derrick Pouliot          Colton White             

Last Minutes Defensive
   Center                   Left Wing                Right Wing               Defense                  Defense                  
   Nolan Patrick            Dryden Hunt              Sebastian Collberg       Derrick Pouliot          Colton White             

Goaltenders
Starting : Charlie Lindgren         
Backup : Samuel Ersson            

Extra Forwards
Normal : Alexander Barabanov, Alex Barre-Boulet, Alexander Volkov - PP : Alexander Barabanov, Alex Barre-Boulet - PK : Alexander Barabanov
Extra Defensemen
Normal : K'Andre Miller, Cale Fleury, Joshua Jacobs - PP : K'Andre Miller - PK : K'Andre Miller, Cale Fleury
Penalty Shots
Sebastian Collberg, Nolan Patrick, Owen Tippet, Dryden Hunt, Alexander Barabanov
Custom OT Lines Forwards
Sebastian Collberg, Nolan Patrick, Owen Tippet, Dryden Hunt, Alexander Barabanov, Alex Barre-Boulet, Alexander Volkov, Andrei Altybarmakyan, Mikhail Vorobyev, Yegor Korshkov
Custom OT Lines Defensemen
Derrick Pouliot, Colton White, Ryan Culkin, K'Andre Miller, Cale Fleury

Scratches
Ryan Poehling (Healthy), Mason Shaw (Healthy), Ben Jones (Healthy), Samuel Houde (Healthy), Jake Marchment (Healthy)
Dylan Samberg (Healthy), Andrew Peeke (Healthy), Dante Fabbro (Healthy), Jeffrey Viel (Healthy), Linus Sandin (Healthy)
Jack Drury (Healthy), Martin Kaut (Healthy), Mathias Laferriere (Healthy), Maxwell Crozier (Healthy), Will Francis (Healthy)
Dustin Wolf (Healthy)

Admirals

5 vs 5 Forward 
   Center                   Left Wing                Right Wing               Time % Phy DF OF 
 1 Josh Norris              Hunter Shinkaruk         Mark McNeill             40     1   2  2  
 2 Anton Gustafsson         Milos Kelemen            Kasper Bjorkqvist        30     1   2  2  
 3 Lucas Wallmark           Nolan Vesey              Gerald Mayhew            20     1   2  2  
 4 Ruslan Iskhakov          Drew O'Connor            Riley Barber             10     1   2  2  

5 vs 5 Defense 
   Defense                  Defense                                           Time % Phy DF OF 
 1 Reilly Walsh             Ian Mitchell                                      40     1   2  2  
 2 Sean Durzi               Tobias Bjornfot                                   30     1   2  2  
 3 Carl Dahlstrom           Josh Wesley                                       20     1   2  2  
 4 Christian Djoos          Henry Thrun                                       10     1   2  2  

PowerPlay Forward 
   Center                   Left Wing                Right Wing               Time % Phy DF OF 
 1 Josh Norris              Hunter Shinkaruk         Mark McNeill             60     1   2  2  
 2 Anton Gustafsson         Milos Kelemen            Kasper Bjorkqvist        40     1   2  2  

PowerPlay Defense
   Defense                  Defense                                           Time % Phy DF OF 
 1 Reilly Walsh             Ian Mitchell                                      60     1   2  2  
 2 Sean Durzi               Tobias Bjornfot                                   40     1   2  2  

Penalty Kill 4 Players Forward 
   Center                   Wing                     Time % Phy DF OF 
 1 Lucas Wallmark           Mark McNeill             60     1   2  2  
 2 Anton Gustafsson         Riley Barber             40     1   2  2  

Penalty Kill 4 Players Defense
   Defense                  Defense                  Time % Phy DF OF 
 1 Reilly Walsh             Ian Mitchell             60     1   3  1  
 2 Carl Dahlstrom           Christian Djoos          40     1   3  1  

Penalty Kill - 3 Players Forward 
   Forward                                           Time % Phy DF OF 
 1 Lucas Wallmark                                    60     1   3  1  
 2 Mark McNeill                                      40     1   3  1  

Penalty Kill - 3 Players Defense
   Defense                  Defense                  Time % Phy DF OF 
 1 Reilly Walsh             Ian Mitchell             60     1   3  1  
 2 Carl Dahlstrom           Christian Djoos          40     1   3  1  

4 vs 4 Forward 
   Center                   Wing                     Time % Phy DF OF 
 1 Josh Norris              Mark McNeill             60     1   2  2  
 2 Anton Gustafsson         Hunter Shinkaruk         40     1   2  2  

4 vs 4 Defense
   Defense                  Defense                  Time % Phy DF OF 
 1 Reilly Walsh             Ian Mitchell             60     1   2  2  
 2 Sean Durzi               Tobias Bjornfot          40     1   2  2  

Last Minutes Offensive
   Center                   Left Wing                Right Wing               Defense                  Defense                  
   Josh Norris              Hunter Shinkaruk         Mark McNeill             Reilly Walsh             Ian Mitchell             

Last Minutes Defensive
   Center                   Left Wing                Right Wing               Defense                  Defense                  
   Lucas Wallmark           Anton Gustafsson         Mark McNeill             Reilly Walsh             Ian Mitchell             

Goaltenders
Starting : Felix Sanstrom           
Backup : Tristan Jarry            

Extra Forwards
Normal : Nolan Vesey, Lucas Wallmark, Gerald Mayhew - PP : Gerald Mayhew, Nolan Vesey - PK : Nolan Vesey
Extra Defensemen
Normal : Josh Wesley, Carl Dahlstrom, Tobias Bjornfot - PP : Josh Wesley - PK : Christian Djoos, Josh Wesley
Penalty Shots
Anton Gustafsson, Josh Norris, Kasper Bjorkqvist, Gerald Mayhew, Mark McNeill
Custom OT Lines Forwards
Josh Norris, Anton Gustafsson, Hunter Shinkaruk, Lucas Wallmark, Kasper Bjorkqvist, Mark McNeill, Nolan Vesey, Gerald Mayhew, Riley Barber, Ruslan Iskhakov
Custom OT Lines Defensemen
Reilly Walsh, Ian Mitchell, Tobias Bjornfot, Sean Durzi, Carl Dahlstrom

Scratches
Bokondji Imama (Healthy), Joni Ikonen (Healthy), Filip Chlapik (Healthy), Grant Hutton (Healthy), Ryan Olsen (Healthy)
Sergei Zborovskiy (Healthy), Troy Bourke (Healthy), Carsen Twarynski (Healthy), Libor Hajek (Healthy), Pavol Regenda (Torn Left Knee Ligaments Injury)
Mark Kastelic (Healthy), Patrick Moynihan (Healthy), Jack Malone (Healthy)

% Time on Ice - Wolfpack

Lines # - Real PCT - Wanted PCT - Time Play
Normal Forward
1 - 34% - 40% - 16:25
2 - 27% - 30% - 12:55
3 - 23% - 20% - 10:53
4 - 16% - 10% - 7:33
Normal Defense
1 - 41% - 40% - 19:46
2 - 30% - 30% - 14:24
3 - 23% - 20% - 10:57
4 - 6% - 10% - 2:39
PP Forward
1 - 60% - 60% - 1:11
2 - 40% - 40% - 0:48
PP Defense
1 - 62% - 60% - 1:14
2 - 38% - 40% - 0:45
PK Forward
1 - 94% - 60% - 9:24
2 - 6% - 40% - 0:33
PK Defense
1 - 60% - 60% - 5:57
2 - 40% - 40% - 4:00
PK3 Forward
1 - 0% - 60%
2 - 0% - 40%
PK3 Defense
1 - 0% - 60%
2 - 0% - 40%
44 Forward
1 - 0% - 60%
2 - 0% - 40%
44 Defense
1 - 0% - 60%
2 - 0% - 40%
Last Minute Offensive  - 0:18
Last Minute Defensive  - 0:00
Total
Forward - 60:00
Defense - 60:00

% Time on Ice - Admirals

Lines # - Real PCT - Wanted PCT - Time Play
Normal Forward
1 - 34% - 40% - 16:03
2 - 27% - 30% - 12:43
3 - 24% - 20% - 11:37
4 - 15% - 10% - 7:24
Normal Defense
1 - 40% - 40% - 19:06
2 - 30% - 30% - 14:10
3 - 21% - 20% - 10:04
4 - 9% - 10% - 4:27
PP Forward
1 - 53% - 60% - 5:17
2 - 47% - 40% - 4:40
PP Defense
1 - 62% - 60% - 6:10
2 - 38% - 40% - 3:47
PK Forward
1 - 67% - 60% - 1:20
2 - 33% - 40% - 0:39
PK Defense
1 - 50% - 60% - 1:00
2 - 50% - 40% - 0:59
PK3 Forward
1 - 0% - 60%
2 - 0% - 40%
PK3 Defense
1 - 0% - 60%
2 - 0% - 40%
44 Forward
1 - 0% - 60%
2 - 0% - 40%
44 Defense
1 - 0% - 60%
2 - 0% - 40%
Last Minute Offensive  - 0:00
Last Minute Defensive  - 0:17
Total
Forward - 60:00
Defense - 60:00

Play-by-Play

1st period


0:01 of 1st period - Nolan Patrick wins face-off versus Josh Norris in neutral zone.
0:08 of 1st period - Wrist shot by Hunter Shinkaruk.
0:08 of 1st period - Shot Misses the Net.
0:10 of 1st period - Wrist shot by Ian Mitchell.
0:10 of 1st period - Stopped by Charlie Lindgren with a rebound.
0:12 of 1st period - Wrist shot by Ian Mitchell.
0:12 of 1st period - Shot Blocked by Colton White.
0:14 of 1st period - Slapshot by Reilly Walsh.
0:14 of 1st period - Shot Blocked by Nolan Patrick.
0:16 of 1st period - Wrist shot by Josh Norris.
0:16 of 1st period - Shot Blocked by Derrick Pouliot.
0:47 of 1st period - Gerald Mayhew is hit by Derrick Pouliot and loses puck.
1:15 of 1st period - Slapshot by Derrick Pouliot.
1:15 of 1st period - Deflect By Andrei Altybarmakyan.
1:15 of 1st period - Shot Misses the Net.
1:15 of 1st period - Puck is out of play.
1:16 of 1st period - Nolan Patrick wins face-off versus Hunter Shinkaruk in Admirals zone.
1:23 of 1st period - Wrist shot by Nolan Patrick.
1:23 of 1st period - Stopped by Felix Sanstrom with a rebound.
1:25 of 1st period - Backhand shot by Ryan Culkin.
1:25 of 1st period - Deflect By Christian Djoos.
1:25 of 1st period - Stopped by Felix Sanstrom with a rebound.
2:00 of 1st period - Henry Thrun is hit by Shane Pinto and loses puck.
2:09 of 1st period - Wrist shot by Andrei Altybarmakyan.
2:09 of 1st period - Shot Misses the Net.
2:27 of 1st period - Snap shot by Lucas Wallmark.
2:27 of 1st period - Stopped by Charlie Lindgren with a rebound.
2:45 of 1st period - Wrist shot by Hunter Shinkaruk.
2:45 of 1st period - Stopped by Charlie Lindgren with a rebound.
3:16 of 1st period - Snap shot by Riley Barber.
3:16 of 1st period - Shot Misses the Net.
3:22 of 1st period - Reilly Walsh is hit by Alex Barre-Boulet and loses puck.
3:41 of 1st period - Snap shot by Owen Tippet.
3:41 of 1st period - Stopped by Felix Sanstrom with a rebound.
4:03 of 1st period - Snap shot by Owen Tippet.
4:03 of 1st period - Stopped by Felix Sanstrom with a rebound.
4:05 of 1st period - Slapshot by Joshua Jacobs.
4:05 of 1st period - Shot Blocked by Reilly Walsh.
4:07 of 1st period - Snap shot by Alex Barre-Boulet.
4:07 of 1st period - Stopped by Felix Sanstrom without a rebound.
4:08 of 1st period - Josh Norris wins face-off versus Nolan Patrick in Admirals zone.
4:17 of 1st period - Snap shot by Sebastian Collberg.
4:17 of 1st period - Stopped by Felix Sanstrom with a rebound.
4:26 of 1st period - Minor Penalty to Tobias Bjornfot for Interference.
4:27 of 1st period - Lucas Wallmark wins face-off versus Nolan Patrick in Admirals zone.
6:26 of 1st period - Penalty to Tobias Bjornfot is over, Tobias Bjornfot is back on ice.
7:22 of 1st period - Icing by Owen Tippet.
7:23 of 1st period - Alexander Barabanov wins face-off versus Ruslan Iskhakov in Wolfpack zone.
7:32 of 1st period - Snap shot by Sebastian Collberg.
7:32 of 1st period - Stopped by Felix Sanstrom without a rebound.
7:33 of 1st period - Josh Norris wins face-off versus Nolan Patrick in Admirals zone.
7:48 of 1st period - Wrist shot by Mark McNeill.
7:48 of 1st period - Deflect By Josh Norris.
7:48 of 1st period - Stopped by Charlie Lindgren with a rebound.
7:50 of 1st period - Snap shot by Carl Dahlstrom.
7:50 of 1st period - Stopped by Charlie Lindgren with a rebound.
8:10 of 1st period - Icing by Derrick Pouliot.
8:11 of 1st period - Josh Norris wins face-off versus Mikhail Vorobyev in Wolfpack zone.
8:57 of 1st period - Slapshot by Derrick Pouliot.
8:57 of 1st period - Shot Misses the Net.
9:00 of 1st period - Icing by Josh Norris.
9:01 of 1st period - Hunter Shinkaruk wins face-off versus Nolan Patrick in Admirals zone.
9:14 of 1st period - Snap shot by Mark McNeill.
9:14 of 1st period - Shot Blocked by Sebastian Collberg.
9:45 of 1st period - Icing by Reilly Walsh.
9:46 of 1st period - Anton Gustafsson wins face-off versus Shane Pinto in Admirals zone.
9:51 of 1st period - Snap shot by Nolan Vesey.
9:51 of 1st period - Shot Blocked by Shane Pinto.
9:53 of 1st period - Slapshot by Ian Mitchell.
9:53 of 1st period - Deflect By Gerald Mayhew.
9:53 of 1st period - Deflect By Cale Fleury.
9:53 of 1st period - Stopped by Charlie Lindgren with a rebound.
9:55 of 1st period - Snap shot by Lucas Wallmark.
9:55 of 1st period - Stopped by Charlie Lindgren without a rebound.
9:56 of 1st period - Nolan Patrick wins face-off versus Lucas Wallmark in Wolfpack zone.
10:06 of 1st period - Wrist shot by Gerald Mayhew.
10:06 of 1st period - Stopped by Charlie Lindgren without a rebound.
10:07 of 1st period - Nolan Patrick wins face-off versus Anton Gustafsson in Wolfpack zone.
10:41 of 1st period - Snap shot by Alexander Barabanov.
10:41 of 1st period - Stopped by Felix Sanstrom without a rebound.
10:42 of 1st period - Lucas Wallmark wins face-off versus Nolan Patrick in Admirals zone.
11:18 of 1st period - Slapshot by Hunter Shinkaruk.
11:18 of 1st period - Stopped by Charlie Lindgren with a rebound.
11:20 of 1st period - Snap shot by Mark McNeill.
11:20 of 1st period - Stopped by Charlie Lindgren with a rebound.
11:22 of 1st period - Wrist shot by Carl Dahlstrom.
11:22 of 1st period - Stopped by Charlie Lindgren with a rebound.
11:39 of 1st period - Snap shot by Kasper Bjorkqvist.
11:39 of 1st period - Shot Blocked by Mikhail Vorobyev.
12:02 of 1st period - Slapshot by Nolan Vesey.
12:02 of 1st period - Shot Blocked by Derrick Pouliot.
13:07 of 1st period - Riley Barber is hit by Cale Fleury and loses puck.
14:27 of 1st period - Slapshot by Alexander Volkov.
14:27 of 1st period - Stopped by Felix Sanstrom with a rebound.
14:29 of 1st period - Slapshot by Cale Fleury.
14:29 of 1st period - Stopped by Felix Sanstrom with a rebound.
14:31 of 1st period - Slapshot by Cale Fleury.
14:31 of 1st period - Shot Blocked by Reilly Walsh.
14:33 of 1st period - Wrist shot by Alexander Volkov.
14:33 of 1st period - Shot Blocked by Ian Mitchell.
14:49 of 1st period - Snap shot by Dryden Hunt.
14:49 of 1st period - Goal by Dryden Hunt - Wolfpack : 1 - Admirals : 0.
14:50 of 1st period - Nolan Patrick wins face-off versus Josh Norris in neutral zone.
15:05 of 1st period - Slapshot by Sebastian Collberg.
15:05 of 1st period - Stopped by Felix Sanstrom without a rebound.
15:06 of 1st period - Anton Gustafsson wins face-off versus Alex Barre-Boulet in Admirals zone.
15:17 of 1st period - Snap shot by Anton Gustafsson.
15:17 of 1st period - Stopped by Charlie Lindgren with a rebound.
15:59 of 1st period - Backhand shot by Shane Pinto.
15:59 of 1st period - Shot Misses the Net.
17:15 of 1st period - Icing by Colton White.
17:16 of 1st period - Alex Barre-Boulet wins face-off versus Lucas Wallmark in Wolfpack zone.
17:25 of 1st period - Wrist shot by Gerald Mayhew.
17:25 of 1st period - Stopped by Charlie Lindgren without a rebound.
17:26 of 1st period - Hunter Shinkaruk wins face-off versus Nolan Patrick in Wolfpack zone.
17:29 of 1st period - Snap shot by Hunter Shinkaruk.
17:29 of 1st period - Shot Misses the Net.
18:16 of 1st period - Wrist shot by Nolan Patrick.
18:16 of 1st period - Shot Misses the Net.
18:18 of 1st period - Wrist shot by Dryden Hunt.
18:18 of 1st period - Stopped by Felix Sanstrom without a rebound.
18:19 of 1st period - Alex Barre-Boulet wins face-off versus Josh Norris in Admirals zone.
18:31 of 1st period - Slapshot by Hunter Shinkaruk.
18:31 of 1st period - Goal by Hunter Shinkaruk - Wolfpack : 1 - Admirals : 1.
18:32 of 1st period - Anton Gustafsson wins face-off versus Owen Tippet in neutral zone.
18:57 of 1st period - Reilly Walsh is hit by Nolan Patrick and loses puck.
Goals for this period are 1 for Wolfpack vs 1 for Admirals.
Shots for this period are 13 for Wolfpack vs 14 for Admirals.

2nd period


0:01 of 2nd period - Josh Norris wins face-off versus Nolan Patrick in neutral zone.
0:22 of 2nd period - Minor Penalty to Dryden Hunt for Holding.
0:23 of 2nd period - Nolan Patrick wins face-off versus Josh Norris in Wolfpack zone.
0:23 of 2nd period - Nolan Patrick is hit by Josh Norris.
1:01 of 2nd period - K'Andre Miller is hit by Mark McNeill and loses puck.
2:22 of 2nd period - Penalty to Dryden Hunt is over, Dryden Hunt is back on ice.
2:32 of 2nd period - Wrist shot by Riley Barber.
2:32 of 2nd period - Goal by Riley Barber - Wolfpack : 1 - Admirals : 2.
2:33 of 2nd period - Nolan Patrick wins face-off versus Lucas Wallmark in neutral zone.
2:40 of 2nd period - Slapshot by Nolan Patrick.
2:40 of 2nd period - Shot Blocked by Carl Dahlstrom.
3:19 of 2nd period - Snap shot by Riley Barber.
3:19 of 2nd period - Deflect By Ruslan Iskhakov.
3:19 of 2nd period - Stopped by Charlie Lindgren without a rebound.
3:20 of 2nd period - Ruslan Iskhakov wins face-off versus Nolan Patrick in Wolfpack zone.
3:23 of 2nd period - Wrist shot by Riley Barber.
3:23 of 2nd period - Shot Misses the Net.
3:33 of 2nd period - Snap shot by Dryden Hunt.
3:33 of 2nd period - Shot Blocked by Riley Barber.
3:45 of 2nd period - K'Andre Miller is hit by Josh Norris and loses puck.
4:14 of 2nd period - Wrist shot by Gerald Mayhew.
4:14 of 2nd period - Stopped by Charlie Lindgren with a rebound.
4:16 of 2nd period - Wrist shot by Nolan Vesey.
4:16 of 2nd period - Stopped by Charlie Lindgren without a rebound.
4:17 of 2nd period - Josh Norris wins face-off versus Nolan Patrick in Wolfpack zone.
4:22 of 2nd period - Snap shot by Hunter Shinkaruk.
4:22 of 2nd period - Shot Misses the Net.
4:42 of 2nd period - Owen Tippet is hit by Kasper Bjorkqvist.
5:34 of 2nd period - Minor Penalty to Mikhail Vorobyev for Roughing.
5:35 of 2nd period - Josh Norris wins face-off versus Nolan Patrick in Wolfpack zone.
6:20 of 2nd period - Wrist shot by Alex Barre-Boulet.
6:20 of 2nd period - Stopped by Felix Sanstrom with a rebound.
7:34 of 2nd period - Penalty to Mikhail Vorobyev is over, Mikhail Vorobyev is back on ice.
10:35 of 2nd period - Josh Wesley is hit by Shane Pinto and loses puck.
10:44 of 2nd period - Colton White is hit by Hunter Shinkaruk and loses puck.
11:03 of 2nd period - Colton White is hit by Riley Barber and loses puck.
11:18 of 2nd period - Wrist shot by Alex Barre-Boulet.
11:18 of 2nd period - Shot Misses the Net.
11:20 of 2nd period - Slapshot by Colton White.
11:20 of 2nd period - Deflect By Christian Djoos.
11:20 of 2nd period - Stopped by Felix Sanstrom without a rebound.
11:21 of 2nd period - Nolan Patrick wins face-off versus Anton Gustafsson in Admirals zone.
11:26 of 2nd period - Snap shot by Sebastian Collberg.
11:26 of 2nd period - Shot Misses the Net.
11:46 of 2nd period - Alex Barre-Boulet is hit by Mark McNeill and loses puck.
12:17 of 2nd period - Snap shot by Shane Pinto.
12:17 of 2nd period - Shot Blocked by Ian Mitchell.
12:33 of 2nd period - Tobias Bjornfot is hit by K'Andre Miller and loses puck.
12:59 of 2nd period - Alexander Volkov is hit by Anton Gustafsson and loses puck.
13:23 of 2nd period - Snap shot by Mark McNeill.
13:23 of 2nd period - Stopped by Charlie Lindgren without a rebound.
13:24 of 2nd period - Anton Gustafsson wins face-off versus Dryden Hunt in Wolfpack zone.
13:27 of 2nd period - Snap shot by Kasper Bjorkqvist.
13:27 of 2nd period - Stopped by Charlie Lindgren with a rebound.
13:29 of 2nd period - Backhand shot by Tobias Bjornfot.
13:29 of 2nd period - Stopped by Charlie Lindgren with a rebound.
13:31 of 2nd period - Wrist shot by Milos Kelemen.
13:31 of 2nd period - Shot Misses the Net.
13:33 of 2nd period - Slapshot by Tobias Bjornfot.
13:33 of 2nd period - Shot Misses the Net.
13:35 of 2nd period - Slapshot by Sean Durzi.
13:35 of 2nd period - Deflect By Nolan Patrick.
13:35 of 2nd period - Stopped by Charlie Lindgren without a rebound.
13:36 of 2nd period - Josh Norris wins face-off versus Nolan Patrick in Wolfpack zone.
13:39 of 2nd period - Slapshot by Hunter Shinkaruk.
13:39 of 2nd period - Stopped by Charlie Lindgren without a rebound.
13:40 of 2nd period - Josh Norris wins face-off versus Nolan Patrick in Wolfpack zone.
13:41 of 2nd period - Slapshot by Mark McNeill.
13:41 of 2nd period - Stopped by Charlie Lindgren with a rebound.
14:03 of 2nd period - Minor Penalty to Nolan Patrick for Tripping.
14:04 of 2nd period - Alexander Barabanov wins face-off versus Hunter Shinkaruk in Wolfpack zone.
14:15 of 2nd period - Snap shot by Hunter Shinkaruk.
14:15 of 2nd period - Stopped by Charlie Lindgren with a rebound.
15:26 of 2nd period - Reilly Walsh is hit by Mikhail Vorobyev and loses puck.
16:03 of 2nd period - Penalty to Nolan Patrick is over, Nolan Patrick is back on ice.
16:12 of 2nd period - Off-side.
16:13 of 2nd period - Ruslan Iskhakov wins face-off versus Nolan Patrick in neutral zone.
16:26 of 2nd period - Wrist shot by Riley Barber.
16:26 of 2nd period - Stopped by Charlie Lindgren with a rebound.
16:28 of 2nd period - Slapshot by Carl Dahlstrom.
16:28 of 2nd period - Stopped by Charlie Lindgren with a rebound.
16:30 of 2nd period - Slapshot by Drew O'Connor.
16:30 of 2nd period - Goal by Drew O'Connor - Wolfpack : 1 - Admirals : 3.
16:31 of 2nd period - Josh Norris wins face-off versus Dryden Hunt in neutral zone.
16:38 of 2nd period - Slapshot by Nolan Patrick.
16:38 of 2nd period - Stopped by Felix Sanstrom without a rebound.
16:39 of 2nd period - Hunter Shinkaruk wins face-off versus Nolan Patrick in Admirals zone.
17:04 of 2nd period - Milos Kelemen is hit by Owen Tippet and loses puck.
17:26 of 2nd period - Owen Tippet is hit by Nolan Vesey and loses puck.
17:31 of 2nd period - Snap shot by Nolan Vesey.
17:31 of 2nd period - Shot Blocked by Colton White.
17:33 of 2nd period - Snap shot by Tobias Bjornfot.
17:33 of 2nd period - Shot Blocked by Derrick Pouliot.
17:35 of 2nd period - Wrist shot by Tobias Bjornfot.
17:35 of 2nd period - Stopped by Charlie Lindgren without a rebound.
17:36 of 2nd period - Nolan Patrick wins face-off versus Mark McNeill in Wolfpack zone.
17:36 of 2nd period - Nolan Patrick is hit by Hunter Shinkaruk.
17:39 of 2nd period - Minor Penalty to Dryden Hunt for Boarding.
17:40 of 2nd period - Nolan Patrick wins face-off versus Josh Norris in Wolfpack zone.
17:48 of 2nd period - Nolan Patrick is hit by Josh Norris and loses puck.
18:11 of 2nd period - Snap shot by Anton Gustafsson.
18:11 of 2nd period - Stopped by Charlie Lindgren without a rebound.
18:12 of 2nd period - Nolan Patrick wins face-off versus Anton Gustafsson in Wolfpack zone.
18:17 of 2nd period - Slapshot by Sean Durzi.
18:17 of 2nd period - Stopped by Charlie Lindgren with a rebound.
18:19 of 2nd period - Slapshot by Tobias Bjornfot.
18:19 of 2nd period - Deflect By Milos Kelemen.
18:19 of 2nd period - Shot Misses the Net.
18:19 of 2nd period - Puck is out of play.
18:20 of 2nd period - Josh Norris wins face-off versus Nolan Patrick in Wolfpack zone.
18:29 of 2nd period - Slapshot by Ian Mitchell.
18:29 of 2nd period - Deflect By Mark McNeill.
18:29 of 2nd period - Shot Blocked by Ryan Culkin.
18:29 of 2nd period - Puck is out of play.
18:30 of 2nd period - Josh Norris wins face-off versus Nolan Patrick in Wolfpack zone.
18:47 of 2nd period - Hunter Shinkaruk is hit by Nolan Patrick and loses puck.
19:39 of 2nd period - Penalty to Dryden Hunt is over, Dryden Hunt is back on ice.
19:48 of 2nd period - Jakub Lauko is hit by Nolan Vesey and loses puck.
Goals for this period are 0 for Wolfpack vs 2 for Admirals.
Shots for this period are 3 for Wolfpack vs 17 for Admirals.

3rd period


0:01 of 3rd period - Josh Norris wins face-off versus Nolan Patrick in neutral zone.
0:12 of 3rd period - Snap shot by Dryden Hunt.
0:12 of 3rd period - Stopped by Felix Sanstrom with a rebound.
0:26 of 3rd period - Milos Kelemen is hit by Alex Barre-Boulet and loses puck.
0:47 of 3rd period - Snap shot by Yegor Korshkov.
0:47 of 3rd period - Shot Misses the Net.
0:49 of 3rd period - Slapshot by Colton White.
0:49 of 3rd period - Goal by Colton White - Wolfpack : 2 - Admirals : 3.
0:50 of 3rd period - Josh Norris wins face-off versus Nolan Patrick in neutral zone.
0:50 of 3rd period - Josh Norris is hit by Sebastian Collberg.
1:36 of 3rd period - Icing by Carl Dahlstrom.
1:37 of 3rd period - Lucas Wallmark wins face-off versus Mikhail Vorobyev in Admirals zone.
2:29 of 3rd period - Wrist shot by Nolan Patrick.
2:29 of 3rd period - Deflect By Sebastian Collberg.
2:29 of 3rd period - Shot Misses the Net.
2:29 of 3rd period - Puck is out of play.
2:30 of 3rd period - Nolan Patrick wins face-off versus Josh Norris in Admirals zone.
2:47 of 3rd period - Wrist shot by Nolan Patrick.
2:47 of 3rd period - Shot Misses the Net.
2:49 of 3rd period - Slapshot by Ryan Culkin.
2:49 of 3rd period - Deflect By Mark McNeill.
2:49 of 3rd period - Stopped by Felix Sanstrom without a rebound.
2:50 of 3rd period - Alex Barre-Boulet wins face-off versus Anton Gustafsson in Admirals zone.
3:19 of 3rd period - Icing by Nolan Patrick.
3:20 of 3rd period - Nolan Patrick wins face-off versus Josh Norris in Wolfpack zone.
3:20 of 3rd period - Nolan Patrick is hit by Mark McNeill.
3:30 of 3rd period - Snap shot by Sebastian Collberg.
3:30 of 3rd period - Deflect By Nolan Patrick.
3:30 of 3rd period - Shot Misses the Net.
3:30 of 3rd period - Puck is out of play.
3:31 of 3rd period - Josh Norris wins face-off versus Nolan Patrick in Admirals zone.
3:54 of 3rd period - Minor Penalty to Dryden Hunt for Roughing.
3:55 of 3rd period - Josh Norris wins face-off versus Nolan Patrick in Wolfpack zone.
3:56 of 3rd period - Snap shot by Hunter Shinkaruk.
3:56 of 3rd period - Stopped by Charlie Lindgren without a rebound.
3:57 of 3rd period - Nolan Patrick wins face-off versus Josh Norris in Wolfpack zone.
4:56 of 3rd period - Snap shot by Mikhail Vorobyev.
4:56 of 3rd period - Stopped by Felix Sanstrom without a rebound.
4:57 of 3rd period - Anton Gustafsson wins face-off versus Mikhail Vorobyev in Admirals zone.
5:02 of 3rd period - Snap shot by Anton Gustafsson.
5:02 of 3rd period - Stopped by Charlie Lindgren without a rebound.
5:03 of 3rd period - Nolan Patrick wins face-off versus Anton Gustafsson in Wolfpack zone.
5:08 of 3rd period - Slapshot by Ryan Culkin.
5:08 of 3rd period - Shot Misses the Net.
5:38 of 3rd period - Slapshot by Anton Gustafsson.
5:38 of 3rd period - Shot Misses the Net.
5:40 of 3rd period - Slapshot by Milos Kelemen.
5:40 of 3rd period - Stopped by Charlie Lindgren without a rebound.
5:41 of 3rd period - Nolan Patrick wins face-off versus Josh Norris in Wolfpack zone.
5:54 of 3rd period - Penalty to Dryden Hunt is over, Dryden Hunt is back on ice.
6:20 of 3rd period - Shane Pinto is hit by Lucas Wallmark and loses puck.
6:35 of 3rd period - Slapshot by Alex Barre-Boulet.
6:35 of 3rd period - Shot Misses the Net.
6:37 of 3rd period - Slapshot by Colton White.
6:37 of 3rd period - Stopped by Felix Sanstrom without a rebound.
6:38 of 3rd period - Mark McNeill wins face-off versus Alex Barre-Boulet in Admirals zone.
7:01 of 3rd period - Mark McNeill is hit by Alex Barre-Boulet and loses puck.
7:10 of 3rd period - Wrist shot by Alexander Barabanov.
7:10 of 3rd period - Stopped by Felix Sanstrom without a rebound.
7:11 of 3rd period - Milos Kelemen wins face-off versus Nolan Patrick in Admirals zone.
7:38 of 3rd period - Joshua Jacobs is hit by Reilly Walsh and loses puck.
7:42 of 3rd period - Icing by Jakub Lauko.
7:43 of 3rd period - Shane Pinto wins face-off versus Lucas Wallmark in Wolfpack zone.
7:58 of 3rd period - Snap shot by Jakub Lauko.
7:58 of 3rd period - Stopped by Felix Sanstrom with a rebound.
8:06 of 3rd period - Shane Pinto is hit by Tobias Bjornfot and loses puck.
8:21 of 3rd period - Slapshot by Andrei Altybarmakyan.
8:21 of 3rd period - Shot Misses the Net.
8:40 of 3rd period - Slapshot by Ryan Culkin.
8:40 of 3rd period - Stopped by Felix Sanstrom with a rebound.
9:00 of 3rd period - Snap shot by Nolan Vesey.
9:00 of 3rd period - Stopped by Charlie Lindgren without a rebound.
9:01 of 3rd period - Josh Norris wins face-off versus Nolan Patrick in Wolfpack zone.
9:12 of 3rd period - Wrist shot by Sebastian Collberg.
9:12 of 3rd period - Goal by Sebastian Collberg - Wolfpack : 3 - Admirals : 3.
9:13 of 3rd period - Josh Norris wins face-off versus Dryden Hunt in neutral zone.
9:40 of 3rd period - Milos Kelemen is hit by Owen Tippet and loses puck.
10:05 of 3rd period - Slapshot by Riley Barber.
10:05 of 3rd period - Deflect By Drew O'Connor.
10:05 of 3rd period - Stopped by Charlie Lindgren with a rebound.
10:11 of 3rd period - Snap shot by Drew O'Connor.
10:11 of 3rd period - Shot Misses the Net.
10:13 of 3rd period - Slapshot by Drew O'Connor.
10:13 of 3rd period - Deflect By Riley Barber.
10:13 of 3rd period - Shot Blocked by Ryan Culkin.
10:13 of 3rd period - Puck is out of play.
10:14 of 3rd period - Sebastian Collberg wins face-off versus Josh Norris in Wolfpack zone.
10:41 of 3rd period - Anton Gustafsson is hit by Owen Tippet.
11:32 of 3rd period - Snap shot by Joshua Jacobs.
11:32 of 3rd period - Stopped by Felix Sanstrom with a rebound.
11:42 of 3rd period - Sebastian Collberg is hit by Josh Norris and loses puck.
11:49 of 3rd period - Mark McNeill is hit by Derrick Pouliot and loses puck.
12:11 of 3rd period - Anton Gustafsson is hit by Owen Tippet and loses puck.
13:13 of 3rd period - Wrist shot by Dryden Hunt.
13:13 of 3rd period - Shot Misses the Net.
13:31 of 3rd period - Snap shot by Owen Tippet.
13:31 of 3rd period - Deflect By Mark McNeill.
13:31 of 3rd period - Stopped by Felix Sanstrom without a rebound.
13:32 of 3rd period - Lucas Wallmark wins face-off versus Alex Barre-Boulet in Admirals zone.
13:37 of 3rd period - Derrick Pouliot is hit by Sean Durzi and loses puck.
13:42 of 3rd period - Snap shot by Nolan Vesey.
13:42 of 3rd period - Stopped by Charlie Lindgren with a rebound.
13:44 of 3rd period - Wrist shot by Nolan Vesey.
13:44 of 3rd period - Stopped by Charlie Lindgren with a rebound.
13:46 of 3rd period - Snap shot by Lucas Wallmark.
13:46 of 3rd period - Stopped by Charlie Lindgren with a rebound.
14:04 of 3rd period - Slapshot by Derrick Pouliot.
14:04 of 3rd period - Shot Blocked by Kasper Bjorkqvist.
14:31 of 3rd period - Christian Djoos is hit by Mikhail Vorobyev and loses puck.
14:41 of 3rd period - Icing by Riley Barber.
14:42 of 3rd period - Josh Norris wins face-off versus Shane Pinto in Admirals zone.
14:48 of 3rd period - Off-side.
14:49 of 3rd period - Josh Norris wins face-off versus Nolan Patrick in neutral zone.
14:55 of 3rd period - Off-side.
14:56 of 3rd period - Josh Norris wins face-off versus Nolan Patrick in neutral zone.
15:05 of 3rd period - Snap shot by Hunter Shinkaruk.
15:05 of 3rd period - Stopped by Charlie Lindgren without a rebound.
15:06 of 3rd period - Mikhail Vorobyev wins face-off versus Josh Norris in Wolfpack zone.
15:21 of 3rd period - Snap shot by Mikhail Vorobyev.
15:21 of 3rd period - Stopped by Felix Sanstrom without a rebound.
15:22 of 3rd period - Lucas Wallmark wins face-off versus Nolan Patrick in Admirals zone.
15:22 of 3rd period - Lucas Wallmark is hit by Derrick Pouliot.
15:29 of 3rd period - Slapshot by Nolan Vesey.
15:29 of 3rd period - Shot Misses the Net.
15:31 of 3rd period - Snap shot by Ian Mitchell.
15:31 of 3rd period - Shot Blocked by Sebastian Collberg.
16:38 of 3rd period - Snap shot by Alexander Barabanov.
16:38 of 3rd period - Stopped by Felix Sanstrom with a rebound.
16:40 of 3rd period - Backhand shot by Alexander Barabanov.
16:40 of 3rd period - Stopped by Felix Sanstrom with a rebound.
16:42 of 3rd period - Slapshot by Colton White.
16:42 of 3rd period - Stopped by Felix Sanstrom without a rebound.
16:43 of 3rd period - Mikhail Vorobyev wins face-off versus Lucas Wallmark in Admirals zone.
16:48 of 3rd period - Slapshot by Alexander Volkov.
16:48 of 3rd period - Shot Misses the Net.
16:56 of 3rd period - Yegor Korshkov is hit by Nolan Vesey and loses puck.
17:54 of 3rd period - Wrist shot by Owen Tippet.
17:54 of 3rd period - Stopped by Felix Sanstrom without a rebound.
17:55 of 3rd period - Alex Barre-Boulet wins face-off versus Kasper Bjorkqvist in Admirals zone.
18:06 of 3rd period - Slapshot by Ryan Culkin.
18:06 of 3rd period - Shot Misses the Net.
18:08 of 3rd period - Snap shot by Alexander Barabanov.
18:08 of 3rd period - Stopped by Felix Sanstrom with a rebound.
18:10 of 3rd period - Slapshot by Colton White.
18:10 of 3rd period - Stopped by Felix Sanstrom without a rebound.
18:11 of 3rd period - Nolan Vesey wins face-off versus Mikhail Vorobyev in Admirals zone.
18:16 of 3rd period - Yegor Korshkov is hit by Nolan Vesey and loses puck.
18:33 of 3rd period - Minor Penalty to Alexander Volkov for Delaying the game.
18:34 of 3rd period - Josh Norris wins face-off versus Nolan Patrick in Wolfpack zone.
18:35 of 3rd period - Wrist shot by Hunter Shinkaruk.
18:35 of 3rd period - Goal by Hunter Shinkaruk - Wolfpack : 3 - Admirals : 4.
18:36 of 3rd period - Mikhail Vorobyev wins face-off versus Lucas Wallmark in neutral zone.
19:10 of 3rd period - Snap shot by Lucas Wallmark.
19:10 of 3rd period - Stopped by Charlie Lindgren with a rebound.
19:12 of 3rd period - Slapshot by Lucas Wallmark.
19:12 of 3rd period - Goal by Lucas Wallmark - Wolfpack : 3 - Admirals : 5.
19:13 of 3rd period - Mikhail Vorobyev wins face-off versus Milos Kelemen in neutral zone.
19:40 of 3rd period - Kasper Bjorkqvist is hit by Derrick Pouliot and loses puck.
Goals for this period are 2 for Wolfpack vs 2 for Admirals.
Shots for this period are 18 for Wolfpack vs 12 for Admirals.